NYP
SPOKANE INDIANS @ EVERETT AQUASOX
05/24/2044
 
TOP OF THE 1ST
Spokane Indians batting - Pitching for Everett AquaSox : LHP Matt Lee
Pitching: LHP Matt Lee
Batting: RHB Theo van Gent 0-0: Bunt missed!
0-1: Swinging Strike
0-2: Ball
1-2: Ball
2-2: Fly out, F9 (Line Drive, 9, EV 88.8 MPH)
Batting: RHB Andy Sheridan 0-0: Called Strike
0-1: Foul Ball, location: 2F
0-2: Foul Ball, location: 2F
0-2: Foul Ball, location: 2F
0-2: Ball
1-2: Ball
2-2: Foul Ball, location: 2F
2-2: Ball
3-2: Fly out, F8 (Flyball, 78XD, EV 103.8 MPH)
Batting: RHB Josh Ferguson 0-0: Swinging Strike
0-1: Called Strike
0-2: Foul Ball, location: 2F
0-2: Ball
1-2: Ball
2-2: Foul Ball, location: 2F
2-2: Foul Ball, location: 2F
2-2: Ball
3-2: Fly out, F9 (Flyball, 89XD, EV 96.9 MPH)
Top of the 1st over - 0 runs, 0 hits, 0 errors, 0 left on base; Spokane 0 - Everett 0
BOTTOM OF THE 1ST
Everett AquaSox batting - Pitching for Spokane Indians : RHP Ryan Graham
Pitching: RHP Ryan Graham
Batting: SHB Detlef Oursler 0-0: Ball
1-0: Foul Ball, location: 2F
1-1: Called Strike
1-2: Ball
2-2: Ball
3-2: Strikes out swinging
Batting: LHB Omar Colunga 0-0: Ball
1-0: Ball
2-0: Foul Ball, location: 2F
2-1: Called Strike
2-2: Foul Ball, location: 2F
2-2: Foul Ball, location: 2F
2-2: SINGLE (Line Drive, 3D, EV 95.0 MPH)
Batting: RHB Hideo Okimura 0-0: Ball
1-0: Called Strike
1-1: Called Strike
1-2: SINGLE (Groundball, 6M, EV 105.6 MPH)
Omar Colunga to second
Batting: RHB Robby Cuellar 0-0: Grounds into double play, 5-4-3 (Groundball, 25, EV 89.4 MPH)
Bottom of the 1st over - 0 runs, 2 hits, 0 errors, 1 left on base; Spokane 0 - Everett 0
TOP OF THE 2ND
Spokane Indians batting - Pitching for Everett AquaSox : LHP Matt Lee
Batting: RHB Roberto Contreras 0-0: Called Strike
0-1: Fly out, F8 (Flyball, 8LS, EV 81.3 MPH)
Batting: RHB Zi-jing Wang 0-0: Ball
1-0: Ball
2-0: Called Strike
2-1: Ball
3-1: Fly out, F9 (Flyball, 9, EV 88.8 MPH)
Batting: LHB Franklin Quezada 0-0: Foul Ball, location: 2F
0-1: Foul Ball, location: 2F
0-2: Fly out, F8 (Flyball, 8RS, EV 75.0 MPH)
Top of the 2nd over - 0 runs, 0 hits, 0 errors, 0 left on base; Spokane 0 - Everett 0
BOTTOM OF THE 2ND
Everett AquaSox batting - Pitching for Spokane Indians : RHP Ryan Graham
Batting: RHB John Peterson 0-0: Ball
1-0: Ball
2-0: Foul Ball, location: 2F
2-1: Ball
3-1: SINGLE (Groundball, 56D, EV 110.6 MPH)
Batting: LHB Kenny Gerrity 0-0: Ball
1-0: Ball
2-0: Foul Ball, location: 2F
2-1: Ball
3-1: Foul Ball, location: 2F
3-2: Foul Ball, location: 2F
3-2: Reached on error, E6 (Groundball, 6, EV 105.0 MPH)
John Peterson to second
Batting: RHB Justin Colella 0-0: Ball
Wild Pitch!
John Peterson to third
Kenny Gerrity to second
1-0: Foul Ball, location: 2F
1-1: Swinging Strike
1-2: Ball
2-2: Strikes out looking
Batting: SHB Raghnall Ahearne 0-0: Called Strike
0-1: Reached on error, E1 (Groundball, 13, EV 67.5 MPH)
John Peterson scores
Kenny Gerrity to third
Batting: RHB Clay Statum 0-0: SINGLE (Line Drive, 9S, EV 103.8 MPH)
Kenny Gerrity scores
Raghnall Ahearne to second
Batting: SHB Detlef Oursler 0-0: Called Strike
Clay Statum steals 2nd, throwing error, E2
Raghnall Ahearne scores
Clay Statum to third
0-1: Called Strike
0-2: Ball
1-2: Ball
2-2: Ball
Balk!
Clay Statum scores
3-2: Strikes out swinging
Batting: LHB Omar Colunga 0-0: Called Strike
0-1: Ball
1-1: Called Strike
1-2: Ground out 5-3 (Groundball, 5, EV 103.1 MPH)
Bottom of the 2nd over - 4 runs, 2 hits, 3 errors, 0 left on base; Spokane 0 - Everett 4
TOP OF THE 3RD
Spokane Indians batting - Pitching for Everett AquaSox : LHP Matt Lee
Batting: RHB Jason Sher 0-0: Called Strike
0-1: Ball
1-1: Fly out, F8 (Flyball, 89D, EV 101.9 MPH)
Batting: RHB Jose Sisneros 0-0: Called Strike
0-1: Ball
1-1: Fly out, F6 (Popup, 6, EV 58.1 MPH)
Batting: RHB Alex Vasquez 0-0: Ball
1-0: Foul Ball, location: 2F
1-1: Foul Ball, location: 2F
1-2: Ball
2-2: Foul Ball, location: 2F
2-2: Ground out 5-3 (Groundball, 5L, EV 90.6 MPH)
Top of the 3rd over - 0 runs, 0 hits, 0 errors, 0 left on base; Spokane 0 - Everett 4
BOTTOM OF THE 3RD
Everett AquaSox batting - Pitching for Spokane Indians : RHP Ryan Graham
Batting: RHB Hideo Okimura 0-0: Ball
1-0: Ball
2-0: Fly out, F8 (Flyball, 89XD, EV 93.1 MPH)
Batting: RHB Robby Cuellar 0-0: Called Strike
0-1: Ball
1-1: Called Strike
1-2: Strikes out swinging
Batting: RHB John Peterson 0-0: Ball
1-0: Fly out, F8 (Line Drive, 8RD, EV 96.9 MPH)
Bottom of the 3rd over - 0 runs, 0 hits, 0 errors, 0 left on base; Spokane 0 - Everett 4
TOP OF THE 4TH
Spokane Indians batting - Pitching for Everett AquaSox : LHP Matt Lee
Batting: RHB Theo van Gent 0-0: Called Strike
0-1: Foul Ball, location: 2F
0-2: Ball
1-2: Strikes out swinging
Batting: RHB Andy Sheridan 0-0: Ball
1-0: Foul Ball, location: 2F
1-1: Ball
2-1: Ball
3-1: Base on Balls
Batting: RHB Josh Ferguson 0-0: Foul Ball, location: 2F
0-1: Ball
1-1: Ball
2-1: Foul Ball, location: 2F
2-2: Ball
3-2: Grounds into double play, 5-4-3 (Groundball, 56, EV 100.0 MPH)
Top of the 4th over - 0 runs, 0 hits, 0 errors, 0 left on base; Spokane 0 - Everett 4
BOTTOM OF THE 4TH
Everett AquaSox batting - Pitching for Spokane Indians : RHP Ryan Graham
Batting: LHB Kenny Gerrity 0-0: Called Strike
0-1: Ball
1-1: Swinging Strike
1-2: Foul Ball, location: 2F
1-2: Strikes out swinging
Batting: RHB Justin Colella 0-0: Ball
1-0: Called Strike
1-1: Foul Ball, location: 2F
1-2: Ball
2-2: Ball
3-2: Strikes out swinging
Batting: SHB Raghnall Ahearne 0-0: Ball
1-0: Foul Ball, location: 2F
1-1: Called Strike
1-2: Strikes out looking
Bottom of the 4th over - 0 runs, 0 hits, 0 errors, 0 left on base; Spokane 0 - Everett 4
TOP OF THE 5TH
Spokane Indians batting - Pitching for Everett AquaSox : LHP Matt Lee
Batting: RHB Roberto Contreras 0-0: Swinging Strike
0-1: Called Strike
0-2: Ball
1-2: Ball
2-2: Ball
3-2: Foul Ball, location: 2F
3-2: Foul Ball, location: 2F
3-2: Fly out, F3 (Popup, 3D, EV 73.1 MPH)
Batting: RHB Zi-jing Wang 0-0: Fly out, F9 (Flyball, 9S, EV 76.3 MPH)
Batting: LHB Franklin Quezada 0-0: SINGLE (Groundball, 34D, EV 101.9 MPH)
Batting: RHB Jason Sher 0-0: Ball
Franklin Quezada steals 2nd base (no throw)
1-0: Ground out 6-3 (Groundball, 56, EV 103.1 MPH)
Top of the 5th over - 0 runs, 1 hit, 0 errors, 1 left on base; Spokane 0 - Everett 4
BOTTOM OF THE 5TH
Everett AquaSox batting - Pitching for Spokane Indians : RHP Ryan Graham
Batting: RHB Clay Statum 0-0: Ball
1-0: Ground out 6-3 (Groundball, 6S, EV 91.3 MPH)
Batting: SHB Detlef Oursler 0-0: Foul Ball, location: 2F
0-1: Ball
1-1: Ground out 4-3 (Groundball, 4, EV 87.5 MPH)
Batting: LHB Omar Colunga 0-0: Swinging Strike
0-1: Ground out 5-3 (Groundball, 5S, EV 91.9 MPH)
Bottom of the 5th over - 0 runs, 0 hits, 0 errors, 0 left on base; Spokane 0 - Everett 4
TOP OF THE 6TH
Spokane Indians batting - Pitching for Everett AquaSox : LHP Matt Lee
Batting: RHB Jose Sisneros 0-0: Ball
1-0: Called Strike
1-1: Ball
2-1: SINGLE (Flyball, 8RS, EV 98.1 MPH)
Pitching: RHP Jace Daniels
Pinch Hitting: LHB Willie Calderon 0-0: Called Strike
0-1: Called Strike
0-2: Ball
Wild Pitch!
Jose Sisneros to second
1-2: Ground out 6-3 (Groundball, 6, EV 101.3 MPH)
Pinch Hitting: LHB Mike Sloan 0-0: Called Strike
0-1: Called Strike
0-2: Ball
1-2: Ball
2-2: Strikes out swinging
Batting: RHB Andy Sheridan 0-0: Foul Ball, location: 2F
0-1: Swinging Strike
0-2: Ball
1-2: Strikes out swinging
Top of the 6th over - 0 runs, 1 hit, 0 errors, 1 left on base; Spokane 0 - Everett 4
BOTTOM OF THE 6TH
Everett AquaSox batting - Pitching for Spokane Indians : RHP Ryan Graham
Now at 1B: Mike Sloan
Now at 3B: Roberto Contreras
Now in RF: Willie Calderon
Batting: RHB Hideo Okimura 0-0: Ball
1-0: Ball
2-0: Called Strike
2-1: Foul Ball, location: 2F
2-2: Foul Ball, location: 2F
2-2: Strikes out swinging
Batting: RHB Robby Cuellar 0-0: Foul Ball, location: 2F
0-1: Ball
1-1: Foul Ball, location: 2F
1-2: Ball
2-2: Ball
3-2: Fly out, F7 (Flyball, 7S, EV 86.3 MPH)
Batting: RHB John Peterson 0-0: Ball
1-0: Swinging Strike
1-1: Ball
2-1: Swinging Strike
2-2: Strikes out swinging
Bottom of the 6th over - 0 runs, 0 hits, 0 errors, 0 left on base; Spokane 0 - Everett 4
TOP OF THE 7TH
Spokane Indians batting - Pitching for Everett AquaSox : RHP Jace Daniels
Batting: RHB Josh Ferguson 0-0: Called Strike
0-1: Ball
1-1: Ground out 6-3 (Groundball, 6, EV 90.6 MPH)
Batting: RHB Roberto Contreras 0-0: Ball
1-0: Ball
2-0: Ball
3-0: Called Strike
3-1: Called Strike
3-2: Strikes out swinging
Batting: RHB Zi-jing Wang 0-0: DOUBLE (Line Drive, 9LS, EV 89.4 MPH)
Batting: LHB Franklin Quezada 0-0: Ball
1-0: Ball
2-0: Ground out 4-3 (Groundball, 4M, EV 101.3 MPH)
Top of the 7th over - 0 runs, 1 hit, 0 errors, 1 left on base; Spokane 0 - Everett 4
BOTTOM OF THE 7TH
Everett AquaSox batting - Pitching for Spokane Indians : RHP Ryan Graham
Pitching: RHP Javier Cabrera
Batting: LHB Kenny Gerrity 0-0: Called Strike
0-1: Ball
1-1: Swinging Strike
1-2: Ball
2-2: Ground out 1-3 (Groundball, 13S, EV 70.6 MPH)
Batting: RHB Justin Colella 0-0: Called Strike
0-1: Swinging Strike
0-2: Ball
1-2: Strikes out swinging
Batting: SHB Raghnall Ahearne 0-0: Foul Ball, location: 2F
0-1: SINGLE (Line Drive, 89S, EV 97.5 MPH)
Batting: RHB Clay Statum 0-0: Called Strike
0-1: Ball
1-1: Ball
2-1: Ground out U3 (Groundball, 3, EV 86.3 MPH)
Bottom of the 7th over - 0 runs, 1 hit, 0 errors, 1 left on base; Spokane 0 - Everett 4
TOP OF THE 8TH
Spokane Indians batting - Pitching for Everett AquaSox : RHP Jace Daniels
Pitching: RHP Jason Childress
Batting: RHB Jason Sher 0-0: Foul Ball, location: 2F
0-1: Foul Ball, location: 2F
0-2: Ball
1-2: Foul Ball, location: 2F
1-2: Ground out 6-3 (Groundball, 6, EV 85.0 MPH)
Pinch Hitting: LHB William Hanley 0-0: Ball
1-0: Foul Ball, location: 2F
1-1: Ball
2-1: Foul Ball, location: 2F
2-2: Strikes out swinging
Batting: LHB Willie Calderon 0-0: Called Strike
0-1: Swinging Strike
0-2: Strikes out swinging
Top of the 8th over - 0 runs, 0 hits, 0 errors, 0 left on base; Spokane 0 - Everett 4
BOTTOM OF THE 8TH
Everett AquaSox batting - Pitching for Spokane Indians : RHP Javier Cabrera
Now at SS: Jose Guerrero
Batting: SHB Detlef Oursler 0-0: Foul Ball, location: 2F
0-1: Fly out, F8 (Flyball, 8LD, EV 93.8 MPH)
Batting: LHB Omar Colunga 0-0: Ball
1-0: Swinging Strike
1-1: Called Strike
1-2: Ball
2-2: Strikes out looking
Batting: RHB Hideo Okimura 0-0: Ball
1-0: Called Strike
1-1: Ball
2-1: Ball
3-1: Ground out 5-3 (Groundball, 56, EV 81.3 MPH)
Bottom of the 8th over - 0 runs, 0 hits, 0 errors, 0 left on base; Spokane 0 - Everett 4
TOP OF THE 9TH
Spokane Indians batting - Pitching for Everett AquaSox : RHP Jason Childress
Batting: LHB Mike Sloan 0-0: Called Strike
0-1: Ball
1-1: Ground out 6-3 (Groundball, 6MS, EV 84.4 MPH)
Batting: RHB Andy Sheridan 0-0: Ball
1-0: Ball
2-0: Ball
3-0: Swinging Strike
3-1: Called Strike
3-2: Strikes out looking
Batting: RHB Josh Ferguson 0-0: SINGLE (Groundball, 5S, EV 71.3 MPH) (infield hit)
Batting: RHB Roberto Contreras 0-0: Swinging Strike
0-1: Ball
1-1: Swinging Strike
1-2: Fielders Choice at 2nd, 5-4 (Groundball, 56, EV 101.9 MPH)
Top of the 9th over - 0 runs, 1 hit, 0 errors, 1 left on base; Spokane 0 - Everett 4
Thursday, March 31st , 2022 - OOTP Baseball 22.12 Build 89